[Event "4NCL 2021-22"]
[Site "England"]
[Date "2022.04.30"]
[Round "7.27"]
[White "Sucikova, Svetlana"]
[Black "Griffiths, Ryan Rhys"]
[Result "1/2-1/2"]
[ECO "E17"]
[WhiteElo "2200"]
[BlackElo "2352"]
[Annotator "TA RC"]
[PlyCount "101"]
[EventDate "2021.11.27"]
[EventType "team-tourn"]
[EventCountry "ENG"]
[SourceTitle "playchess.com"]
[Source "ChessBase"]
[SourceQuality "1"]
[TimeControl "40/6000+30:3000+30"]

1. d4 Nf6 2. c4 e6 3. Nf3 b6 4. g3 Ba6 5. b3 Bb4+ 6. Bd2 Be7 7. Bg2 d5 8. O-O O-O 9. Bc3 Nbd7 10. Nbd2 c5 11. Bb2 Rc8 12. Rc1 Bb7 13. Re1 Rc7 {[%emt 0:03:16] E17: Queen's Indian: 4 g3 Bb7 5 Bg2 Be7.} 14. Ne5 cxd4 15. Bxd4 {[%emt 0:09:41] [#]} Bb4 $146 {[%emt 0:09:13] Black has an edge.} ({Predecessor:} 15... Nxe5 16. Bxe5 Rd7 17. Qc2 Ng4 18. Ba1 dxc4 19. Nxc4 Bxg2 20. Kxg2 Qa8+ 21. Kg1 Bc5 22. e3 Rfd8 23. h3 Nh6 {½-½ (49) Raines,D (1090)-Millar,B (1232) LSS email 2010}) 16. cxd5 Nxd5 17. Nd3 Ba3 18. Rxc7 Qxc7 19. e4 Nb4 20. Nc4 ({Of course not} 20. Qg4 e5 21. Nxb4 Bxb4 $17) 20... Nxd3 21. Qxd3 Bb4 22. Rd1 b5 {[%emt 0:02:43] [#]} (22... Nc5 $11 {remains equal.} 23. Qc2 Nd7) 23. Ne3 $1 $16 ({Wrong is} 23. Bxa7 $2 Bc8 24. Nd6 Bxd6 $19) 23... Bc6 {[%emt 0:00:47] [#]} 24. Bxg7 $1 Ne5 (24... Kxg7 $142 25. Qd4+ Qe5) 25. Bxe5 Qxe5 26. Ng4 Qg7 {[%emt 0:00:23] [#]} 27. e5 $1 {[%emt 0:03:13] And now Nf6+ would win.} Qxg4 28. Bxc6 Be7 29. Bf3 Qb4 30. Qe3 {[%emt 0:02:22] White is more active.} Rd8 31. Rxd8+ Bxd8 32. Qxa7 Qe1+ 33. Kg2 Qxe5 34. Qa8 Qd4 35. a4 bxa4 36. bxa4 Kg7 37. Qe4 (37. Bh5 {keeps more tension.} Bb6 38. Qf3 Qf6 39. Qg4+) 37... Qxe4 38. Bxe4 {[%emt 0:00:01][%mdl 4096] Endgame KB-KB} f5 39. Bc2 Kf6 40. f4 e5 41. Kf3 Bb6 42. g4 {[%emt 0:05:28] aiming for g5+.} fxg4+ 43. Kxg4 exf4 $2 (43... h6 $16 {was called for.}) 44. Bxh7 $18 Bc7 45. h4 Kg7 46. Bd3 Kh6 47. Be4 (47. Be2 $18) 47... Bd8 48. Kxf4 ({Better is} 48. Bf3 $16) 48... Bxh4 ({Black should play} 48... Kh5 $11) 49. a5 $14 {[%emt 0:00:07][%cal Ba4a5,Ba5a6][%mdl 32] White is slightly better.} Bd8 50. a6 {[%emt 0:00:06] Intending a7 and mate.} Bb6 51. Ke5 {[%emt 0:00:50] Weighted Error Value: White=0.16 (very precise) /Black=0.24 (precise)} 1/2-1/2

[Event "4NCL 2021-22"]
[Site "England"]
[Date "2022.04.30"]
[Round "7.28"]
[White "Taylor, Martin R"]
[Black "Weller, Jean-Luc"]
[Result "1-0"]
[ECO "E32"]
[WhiteElo "2343"]
[BlackElo "2235"]
[Annotator "TA"]
[PlyCount "63"]
[EventDate "2021.11.27"]
[EventType "team-tourn"]
[EventCountry "ENG"]
[SourceTitle "playchess.com"]
[Source "ChessBase"]
[SourceQuality "1"]
[TimeControl "40/6000+30:3000+30"]

1. d4 Nf6 2. c4 e6 3. Nc3 Bb4 4. Qc2 O-O 5. a3 Bxc3+ 6. Qxc3 b6 7. Bg5 Bb7 8. e3 d6 {[%emt 0:01:08] E32: Nimzo-Indian: Classical (4 Qc2): 4...0-0.} 9. Ne2 Nbd7 10. Qd3 $1 {[%emt 0:00:23][%mdl 4] is now more promising than 10.Qc2.} c5 {[%emt 0:05:34] The position is equal.} 11. Nc3 Qe7 12. Rd1 Rfd8 13. d5 h6 14. Bh4 Ne5 15. Qc2 Ng6 16. Bxf6 Qxf6 17. Be2 Ne7 18. O-O {[%emt 0:07:12] [#]} Qe5 $146 ({Predecessor:} 18... exd5 19. Bf3 Rab8 20. Bxd5 {½-½ (20) Dreev,A (2697)-Ponomariov,R (2723) Poikovsky 2006}) 19. Bf3 f5 20. Qe2 Ng6 21. dxe6 Bxf3 22. Qxf3 {[%emt 0:00:22] And now Nb5 would win.} Qxe6 23. b3 Ne5 (23... Rab8 $14) 24. Qd5 $16 Kf7 {[%emt 0:12:29] [#]} 25. Nb5 $1 Qxd5 26. Rxd5 a6 {[%emt 0:00:23] This costs Black the game.} (26... g6 $16 27. Rfd1 (27. Nxd6+ Kf8 $16) (27. Rxd6 a6 $11) 27... Ke7) 27. Nxd6+ $18 Ke6 28. Rfd1 {[%emt 0:00:49][%cal Od5e5] Strongly threatening Rxe5+!} Rf8 29. f4 Ng6 {[%emt 0:01:48] [#]} (29... Nf7 30. Nxf5 g6) 30. g4 {[%emt 0:01:17] White is clearly winning.} Nh4 31. Nxf5 Nxf5 32. Re5+ {[%emt 0:00:12] Weighted Error Value: White=0.07 (flawless) /Black=0.30} ({Weaker is} 32. Rxf5 Rxf5 33. gxf5+ Kxf5 $18) 1-0

[Event "4NCL 2021-22"]
[Site "England"]
[Date "2022.04.30"]
[Round "7.29"]
[White "Walton, Alan J"]
[Black "Franklin, Samuel G A"]
[Result "0-1"]
[ECO "A45"]
[WhiteElo "2116"]
[BlackElo "2335"]
[Annotator "TA"]
[PlyCount "52"]
[EventDate "2021.11.27"]
[EventType "team-tourn"]
[EventCountry "ENG"]
[SourceTitle "playchess.com"]
[Source "ChessBase"]
[SourceQuality "1"]
[TimeControl "40/6000+30:3000+30"]

1. d4 Nf6 2. Bg5 e6 3. e4 c5 4. d5 d6 5. Nc3 Be7 6. Bb5+ {[%emt 0:01:20] A45: Trompowsky Attack.} Bd7 7. dxe6 fxe6 8. e5 {[%emt 0:00:53] The position is equal.} dxe5 9. Bxf6 Bxf6 10. Qh5+ g6 11. Qg4 {[%emt 0:01:53] [#]} Qe7 $146 ({Predecessor:} 11... Nc6 12. O-O-O Qe7 13. Ne4 a6 14. Bd3 O-O-O 15. c3 Kc7 16. Nf3 Bg7 17. Kb1 b5 {0-1 (46) Ozenir,E (2293)-Pogosyan,S (2373) Porto Carras 2018}) 12. Bxd7+ Nxd7 13. O-O-O O-O 14. Nf3 {[%emt 0:08:14][%mdl 1024] White has compensation.} Bg7 15. Ne4 (15. Rhe1 $11) 15... Nb6 (15... Rf4 $17 16. Qg5 Qf8) 16. Qg5 Qc7 17. Qe3 (17. Qg3 $142) 17... Rac8 (17... c4 $142) 18. Nfg5 $1 $11 {[%emt 0:00:37] [#] Qh3 is the strong threat. Pair of Knights!} Bh6 19. Qh3 ({Better is} 19. Kb1 $14) 19... Bxg5+ $15 20. Nxg5 Rf5 (20... Rxf2 $2 21. Qxe6+ Kg7 22. Rhf1 Rxf1 23. Rxf1 $18) (20... Qe7 $5 21. Ne4 Nd5 $15) 21. Ne4 ({But not} 21. Nxe6 $2 Qe7 22. Qb3 c4 $19) (21. Qh6 {is more complex.} c4 22. c3 Qe7 23. h4) 21... Nd5 22. g3 (22. Kb1 $11 {remains equal.}) 22... c4 $17 {[%emt 0:01:42][%cal Bc5c4,Bc4c3][%mdl 32] [#] Hoping for ...c3.} 23. Rhe1 $2 {[%emt 0:02:34] White does not recover from this.} (23. g4 $17 Rf4 24. g5) 23... c3 $19 24. b3 (24. bxc3 Nxc3 25. Rd2 Nxe4 26. Rxe4) 24... Qe7 {[%emt 0:03:19] ( -> ...Qa3+). Black is clearly winning.} 25. Rd3 Qa3+ 26. Kd1 Qxa2 {[%emt 0:00:23] Weighted Error Value: White=0.51/Black=0.17 (very precise)} 0-1

[Event "4NCL 2021-22"]
[Site "England"]
[Date "2022.04.30"]
[Round "7.30"]
[White "Sowray, Peter J"]
[Black "Shaw, Peter"]
[Result "1-0"]
[ECO "A96"]
[WhiteElo "2226"]
[BlackElo "2078"]
[Annotator "TA"]
[PlyCount "69"]
[EventDate "2021.11.27"]
[EventType "team-tourn"]
[EventCountry "ENG"]
[SourceTitle "playchess.com"]
[Source "ChessBase"]
[SourceQuality "1"]
[TimeControl "40/6000+30:3000+30"]

1. d4 f5 2. c4 e6 3. Nf3 Nf6 4. g3 Be7 5. Bg2 O-O 6. O-O d6 7. Nc3 Ne4 8. Nxe4 {[%emt 0:03:19] A96: Classical Dutch: Fluid Systems: Early deviations.} fxe4 9. Ne1 d5 10. Be3 {[%emt 0:08:44] [#] White is slightly better.} b6 $146 ({Predecessor:} 10... Nc6 11. Rc1 Bf6 12. f3 dxc4 13. Rxc4 e5 14. d5 exf3 15. Nxf3 Ne7 16. Bc5 b6 17. Bxe7 Qxe7 {½-½ (49) Ovetchkin,R (2518)-Azarov,S (2603) Cheliabinsk 2021}) 11. f3 exf3 12. Nxf3 Bb7 13. Bh3 Qc8 14. Qc2 (14. Ng5 $16 Bxg5 15. Bxg5 (15. Rxf8+ Qxf8 16. Bxe6+ Kh8 $16)) 14... dxc4 (14... Nc6 $14) 15. Ng5 {[%emt 0:08:22][%csl Gg5][%cal Rc2h7] White is more active.} ({Don't take} 15. Qxc4 $6 Bd5 16. Qd3 Qa6 $14) 15... Rxf1+ 16. Rxf1 {[%emt 0:00:10][%csl Gg5][%cal Rc2h7] Dancing on a razor blade.} Bxg5 17. Bxg5 $40 {[%emt 0:00:09][%mdl 128] White has some attack.} Qd7 $2 {[%emt 0:09:03] A mistake that costs the game.} (17... Qe8 $14) 18. Qxc4 $18 Bd5 19. Qd3 ({Worse is} 19. Qb4 Nc6 20. Qa4 h6 $11) 19... Qe8 $2 (19... Nc6 20. e4 Bxa2) 20. e4 Bb7 21. Qc4 h6 22. Qxe6+ (22. Bxe6+ $142 Kh8 23. Qxc7 $1 hxg5 24. Qxb7) 22... Qxe6 23. Bxe6+ Kh7 24. Bf4 Bxe4 25. Re1 Bg6 26. Bxc7 {[%emt 0:06:21] Strongly threatening Bd5. This bishop pair is nice.} Nc6 (26... Na6 {was worth a try.}) 27. d5 Nd4 {[%emt 0:05:20] [#]} 28. Bg4 {[%emt 0:01:30] Inhibits Nf3+.} h5 {[%emt 0:06:05] [#]} 29. Bd1 Rf8 30. d6 {[%emt 0:02:15] d7 is the strong threat.} Be8 {[%emt 0:05:16] [#]} (30... Rf7 31. Re5 Bd3) 31. Rxe8 $1 {[%emt 0:03:14][%mdl 512] White is clearly winning.} Rxe8 32. d7 Re1+ 33. Kf2 Rxd1 34. d8=Q Rd2+ 35. Ke3 {[%emt 0:00:51] Weighted Error Value: White=0.29 (precise) /Black=0.70} 1-0

[Event "4NCL 2021-22"]
[Site "England"]
[Date "2022.04.30"]
[Round "7.31"]
[White "Heritage, Jamie"]
[Black "Bhatia, Kanwal K"]
[Result "1/2-1/2"]
[ECO "C90"]
[WhiteElo "2114"]
[BlackElo "2010"]
[Annotator "TA"]
[PlyCount "83"]
[EventDate "2021.11.27"]
[EventType "team-tourn"]
[EventCountry "ENG"]
[SourceTitle "playchess.com"]
[Source "ChessBase"]
[SourceQuality "1"]
[TimeControl "40/6000+30:3000+30"]

1. e4 e5 2. Nf3 Nc6 3. Bb5 a6 4. Ba4 Nf6 5. d3 b5 6. Bb3 Be7 7. O-O d6 8. c3 O-O 9. Re1 Na5 10. Bc2 c5 11. Nbd2 Nc6 12. Nf1 Qc7 13. a3 {[%emt 0:07:32] C90: Closed Ruy Lopez with 7...d6: Early deviations.} d5 {[%emt 0:07:07] [#]} 14. Ng3 $146 ({Predecessor:} 14. Bg5 Rd8 15. exd5 Nxd5 16. Bxe7 Ndxe7 17. a4 b4 18. Bb3 h6 19. Ng3 bxc3 20. bxc3 {1-0 (36) Bender,I (2310)-Plenca,J (2364) Sibenik 2015}) 14... dxe4 15. dxe4 Rd8 16. Qe2 Be6 17. Ng5 (17. Nf5 {is superior.}) 17... Bc4 $11 18. Qe3 Na5 {[%emt 0:05:19] Inhibits b3.} 19. b4 (19. Nf5 $15) 19... Nb3 $17 20. Bxb3 Bxb3 21. Qf3 (21. Nf5 $142) 21... Rd7 (21... g6 $142 {Hoping for ...Bc4.} 22. Qe2 Bc4) 22. Nf5 Bf8 $36 {[%emt 0:00:37][%mdl 2048] Black is really pushing.} 23. Be3 Rad8 24. Qg3 (24. Qh3 $17 {was called for.}) 24... g6 $19 25. Bxc5 Bxc5 26. bxc5 Qxc5 27. Nh6+ Kg7 28. Nf5+ Kh8 29. Nh6 (29. Ne3 $17) 29... Nh5 30. Qh4 f6 31. Nh3 Qf8 32. Nf5 Qf7 33. Ne3 Be6 ({Better is} 33... Rd3 $19 34. Rac1 g5) 34. g4 Nf4 35. a4 $2 {[%emt 0:02:56] [#]} (35. Nxf4 $17 exf4 36. Nd5 Bxd5 37. exd5) 35... Rd2 $2 (35... g5 $19 36. Qg3 Rd3 37. axb5 axb5) 36. axb5 (36. Nxf4 $17 exf4 37. Nf1) 36... axb5 (36... g5 $19 37. Qg3 axb5) 37. Nxf4 $17 exf4 38. Nd5 Bxd5 39. exd5 R2xd5 ({Much worse is} 39... R8xd5 $6 40. Qh6 $11) 40. Ra6 (40. Qh6 $17) 40... Kg7 $2 {[%emt 0:01:04] [#]} ({Black should try} 40... Rd1 $19 41. Ra1 Rxa1 42. Rxa1 Qe7) 41. Rxf6 $1 $11 Qxf6 42. Re7+ {[%emt 0:01:18] Weighted Error Value: White=0.36/Black=0.40} 1/2-1/2

[Event "4NCL 2021-22"]
[Site "England"]
[Date "2022.04.30"]
[Round "7.32"]
[White "Ratnesan, Radha"]
[Black "Arnott, Jonathan W"]
[Result "0-1"]
[ECO "D27"]
[WhiteElo "1623"]
[BlackElo "2121"]
[Annotator "TA"]
[PlyCount "100"]
[EventDate "2021.11.27"]
[EventType "team-tourn"]
[EventCountry "ENG"]
[SourceTitle "playchess.com"]
[Source "ChessBase"]
[SourceQuality "1"]
[TimeControl "40/6000+30:3000+30"]

1. d4 e6 2. c4 d5 3. Nc3 a6 4. e3 Nf6 5. Nf3 dxc4 6. Bxc4 c5 7. O-O cxd4 {[%emt 0:02:22] D27: Queen's Gambit Accepted: Classical main line: 7 e4!? and 7 a4.} (7... b5 $11 8. Be2 Nbd7) 8. Nxd4 (8. exd4 $14 b5 9. Bb3) 8... Bd6 $11 {[%emt 0:00:00] [#]} 9. Bd2 $146 ({Predecessor:} 9. Bb3 O-O 10. e4 Qc7 11. Nf3 Nc6 12. h3 Ne5 13. Bg5 Nxf3+ 14. Qxf3 Bh2+ 15. Kh1 {1-0 (36) Socko,B (2604)-Hoffmann,M (2471) Germany 2016}) 9... Bxh2+ $2 10. Kxh2 $18 {[%emt 0:04:34] Black must now prevent Rc1.} Qc7+ $2 (10... e5 $16 {is a better defense.}) 11. Kg1 Qxc4 {[%emt 0:00:05] [#]} 12. Rc1 $1 O-O 13. Na4 Qxa2 14. Nb6 e5 15. Qb3 $2 Qxb3 $16 16. Nxb3 Be6 17. Nxa8 Bxb3 {[%emt 0:01:21] [#]} 18. Nb6 (18. Bb4 $1 $16 Rd8 19. Be7) 18... Nc6 $11 19. Rc3 {[%emt 0:15:10][%mdl 1024] White has compensation.} Be6 20. f3 Rd8 $36 {[%emt 0:03:21][%mdl 2048] Black has the initiative.} 21. Rf2 e4 22. Bc1 (22. Rc5 $11) 22... Rd1+ (22... Ne5 $5 ) 23. Rf1 Rd6 24. Nc4 Rd8 25. Nd2 Nd5 {[%emt 0:01:12] Black is much more active.} 26. Ra3 exf3 27. Nxf3 Ndb4 {[%emt 0:00:13] Inhibits Rd3.} 28. Bd2 Nc2 29. Rc3 Bf5 30. Rf2 f6 31. Nh4 Be4 32. Rc4 {[%emt 0:00:00] Against N2b4} Bd3 33. Rg4 Ne5 ({Black should play} 33... Kf7 $15) 34. Rg3 $1 Kf7 35. Bc3 {[%emt 0:00:00] And now Bxe5 would win.} Ng6 36. Nxg6 hxg6 37. Rd2 {[%emt 0:00:04][%cal Oe3e4] e4! is the strong threat.} Rd5 38. Rg4 {[%emt 0:01:59] Strongly threatening e4.} f5 {[%emt 0:03:51] Against e4} (38... Nxe3 $2 39. Rg3 $18) 39. Rf4 Ke6 ({Don't do} 39... Nxe3 40. Rf3 f4 41. Rxf4+ Bf5 42. Rf3 Rxd2 43. Bxd2 $16) (39... g5 $11 40. e4 (40. Rf3 g4 $15) 40... Bxe4 41. Rxd5 gxf4 42. Rd7+ Ke6 43. Rxg7 Ne3) 40. Bxg7 (40. g4 $16) 40... g5 41. Rf3 g4 {[%emt 0:01:04] Against Rh3} 42. Rg3 (42. Rf4 $11 {and White stays safe.}) 42... Be4 $19 43. Rxd5 (43. Bd4) 43... Kxd5 {[%emt 0:00:05][%mdl 4096] Endgame KRB-KBN. Black is clearly winning.} 44. Kf1 (44. b3 $142 Kc5 45. Bc3) 44... Kc4 45. Ke2 Nb4 46. Bc3 Nd5 47. Bd4 a5 48. Kd2 Kb3 {[%emt 0:01:20] Hoping for ...Nb4.} 49. Be5 a4 50. Bd6 Kxb2 {[%emt 0:00:21] Weighted Error Value: White=0.73/Black=0.34} 0-1

[Event "4NCL 2021-22"]
[Site "England"]
[Date "2022.04.30"]
[Round "7.33"]
[White "McPhillips, Joseph"]
[Black "Merriman, John"]
[Result "1-0"]
[ECO "A70"]
[WhiteElo "2413"]
[BlackElo "2261"]
[Annotator "TA"]
[PlyCount "73"]
[EventDate "2021.11.27"]
[EventType "team-tourn"]
[EventCountry "ENG"]
[SourceTitle "playchess.com"]
[Source "ChessBase"]
[SourceQuality "1"]
[TimeControl "40/6000+30:3000+30"]

1. d4 Nf6 2. Qd3 c5 3. d5 d6 4. e4 g6 {[%emt 0:00:47] [#]} 5. Ne2 $146 ({Predecessor:} 5. Nc3 Bg7 6. f4 O-O 7. Nf3 e6 8. dxe6 Bxe6 9. f5 c4 10. Qd1 gxf5 11. Bg5 fxe4 {0-1 (52) Jovicic,R (2217)-Zakic,S (2337) Belgrade 2018}) 5... Bg7 6. Ng3 {[%emt 0:03:32] A70: Modern Benoni: 6 e4 g6 7 Nf3.} O-O 7. Be2 e6 8. O-O {[%emt 0:01:37] The position is equal.} exd5 9. exd5 Re8 10. Nc3 Na6 11. Bf4 Nc7 12. Rfe1 a6 13. a4 Rb8 14. Bf3 b5 15. Rxe8+ Nfxe8 16. axb5 axb5 17. Rb1 b4 18. Nce4 f5 19. Ng5 h6 (19... Qf6 $17) 20. Ne6 $1 $15 Nxe6 21. dxe6 Bxe6 22. Qe3 $1 Ba2 23. Ra1 Bf7 24. Bxh6 (24. Ra7 $11 {keeps the balance.}) 24... Bd4 $17 25. Qd2 Qb6 {[%emt 0:04:02] Against Ra7} (25... Bxb2 $17 26. Ra7 Bc3) 26. c3 bxc3 27. bxc3 Be5 28. Bd5 Nc7 29. Bxf7+ Kxf7 30. Bf4 Bxf4 31. Qxf4 Ne6 32. Qd2 Rb7 33. Re1 Qc6 {[%emt 0:00:59] [#]} (33... Re7 $14) 34. h4 $1 $16 {[%emt 0:00:43] Threatens to win with h5.} ({But not} 34. Qh6 $6 f4) 34... Kf6 $2 (34... f4 $16) 35. Qh6 $18 {[%emt 0:00:40] And now Nh5+ would win.} f4 36. Nh5+ Kf5 {[%emt 0:00:20] [#]} 37. Nxf4 $1 {[%emt 0:00:15][%mdl 512] Weighted Error Value: White=0.09 (flawless) /Black=0.42} 1-0

[Event "4NCL 2021-22"]
[Site "England"]
[Date "2022.04.30"]
[Round "7.34"]
[White "Harakis, Alexis M"]
[Black "Hunt, Harriet V"]
[Result "1-0"]
[ECO "A50"]
[WhiteElo "2264"]
[BlackElo "2400"]
[Annotator "TA"]
[PlyCount "76"]
[EventDate "2021.11.27"]
[EventType "team-tourn"]
[EventCountry "ENG"]
[SourceTitle "playchess.com"]
[Source "ChessBase"]
[SourceQuality "1"]
[TimeControl "40/6000+30:3000+30"]

1. d4 Nf6 2. c4 e6 3. Bf4 Bb4+ 4. Nd2 c5 5. a3 Bxd2+ 6. Qxd2 {[%emt 0:00:00] [#] A50: Queen's Fianchetto Defence (1 d4 Nf6 2 c4 b6).} Nc6 $146 ({Predecessor:} 6... cxd4 7. Bxb8 Rxb8 8. Qxd4 b6 9. e4 O-O 10. Ne2 d6 11. Nc3 Bb7 12. Rd1 Qe7 {1-0 (51) Hasman,C (2072)-Petrovic,P (1964) Paracin 2016}) 7. dxc5 Ne4 8. Qd1 {[%emt 0:00:16] The position is equal.} Qf6 $1 (8... Qh4 9. Be3 $16) 9. g3 Qxb2 {[%emt 0:07:40] ...Qc3+ is the strong threat.} 10. Bg2 Nxc5 11. Nf3 Ne4 {[%emt 0:04:09] Strongly threatening ...Nc3. Pair of Knights!} 12. O-O O-O (12... Nc3 $5 13. Qd2 Qxd2 14. Bxd2 Nxe2+ 15. Kh1 f6 $11) 13. Qd3 f5 14. Rab1 $36 {[%emt 0:05:12][%cal Ba1b1,Bb1b5,Bb5b8][%mdl 2080] White is more active.} Qf6 15. Nd2 Nxd2 16. Qxd2 b6 (16... e5 $5 17. Be3 d6 $11) 17. Rfc1 h6 18. c5 b5 19. Rxb5 {[%emt 0:05:59] White is more active.} e5 (19... Ba6 $16 20. Bxc6 (20. Qxd7 Bxb5 21. Bxc6 Rfd8 $17) 20... dxc6) 20. Qd5+ $18 Kh8 {[%emt 0:07:10] [#]} (20... Qf7 $142) 21. Bxe5 $1 Nxe5 (21... Qg6 {was necessary.} 22. Qd6 Qxd6 23. cxd6 Ba6) (21... Qg5 22. f4) 22. Qxa8 f4 (22... Nc6 $142) 23. Rb8 Qa6 24. gxf4 Nc6 25. Bxc6 dxc6 26. Rc2 Kh7 27. Rcb2 Rd8 28. Kg2 Qxa3 {[%emt 0:00:54] [#]} 29. R2b3 {[%emt 0:05:24] Inhibits Qh3+.} (29. Rxc8 $1 $18 {and the rest is easy.} Rxc8 30. Qxc8 Qxb2 31. Qxc6 Qxe2 32. Qd6 Qe4+ 33. Kg3) 29... Qa6 $2 (29... Qxb3 $16 30. Rxb3 Bh3+ 31. Kxh3 (31. Rxh3 Rxa8 32. Ra3 a5 $16) 31... Rxa8) 30. Re3 Rf8 31. f5 Rd8 32. Re7 $2 (32. h3 {[%cal Oe3e6] Threatens to win with Re6!} Kh8 33. Re6 $1 ) 32... Qc4 {[%emt 0:00:32] ( -> ...Qg4+)} 33. f3 {[%emt 0:01:27] Against Qg4+} (33. e4 Rd1 34. Rb3 (34. Rxc8 Qf1+ 35. Kg3 Rd3+ 36. Kg4 Qg2+ 37. Kf4 Qxf2+ 38. Ke5 Qb2+ 39. Kf4 Qxh2+ 40. Kg4 Qh3+ 41. Kf4 Qg3#) 34... Qf1+ 35. Kg3 Qg1+ 36. Kh3 (36. Kf3 $2 Rd2 $19) 36... Qf1+ 37. Kg3 Qg1+ 38. Kh3 (38. Kf3 $2 Rd2 $19) 38... Qf1+ 39. Kg3 $11) (33. Rb1 $1 $18) 33... Qxc5 $2 34. Qxa7 Qxf5 35. Rxg7+ Kh8 36. Rg4 Qe5 {[%emt 0:00:14] [#]} 37. Qa2 $1 Re8 {[%emt 0:01:05] [#]} (37... Rf8 38. Kh1) 38. Qd2 $1 Qxe2+ {[%emt 0:00:00] Weighted Error Value: White=0.36/Black=0.37} (38... Qf6 39. Qc2) 1-0

[Event "4NCL 2021-22"]
[Site "England"]
[Date "2022.04.30"]
[Round "7.35"]
[White "O'Donnell, Conor"]
[Black "Ratnesan, Ranesh"]
[Result "1/2-1/2"]
[ECO "D35"]
[WhiteElo "2281"]
[BlackElo "2258"]
[Annotator "TA"]
[PlyCount "64"]
[EventDate "2021.11.27"]
[EventType "team-tourn"]
[EventCountry "ENG"]
[SourceTitle "playchess.com"]
[Source "ChessBase"]
[SourceQuality "1"]
[TimeControl "40/6000+30:3000+30"]

1. d4 d5 2. c4 e6 3. Nc3 Nf6 4. cxd5 exd5 5. Bg5 c6 6. e3 Be7 7. Bd3 Nbd7 $1 {[%emt 0:00:11] 7...Nbd7 scores better than 7...0-0.} 8. Nf3 h6 9. Bf4 Nh5 {[%emt 0:04:10] D35: Queen's Gambit Declined: Exchange Variation.} 10. Be5 Nxe5 11. dxe5 g6 {[%emt 0:06:11] [#] White has an edge.} 12. Rg1 $146 (12. Qc2 $14 {should be considered.}) ({Predecessor:} 12. h3 Ng7 13. O-O O-O 14. Qd2 h5 15. Nd4 c5 16. Nc2 Be6 17. f4 h4 18. Rad1 {1-0 (44) Sarana,A (2685)-Harsha,B (2499) Chess.com INT 2022}) 12... Ng7 13. g4 (13. Qc2 $11) 13... Qb6 14. Qc2 Be6 15. O-O-O ({Wrong is} 15. Bxg6 $2 fxg6 16. Qxg6+ Bf7 $19) 15... O-O-O 16. Nd4 c5 (16... Kb8 $15) 17. Nxe6 $11 (17. Kb1 {keeps more tension.} Kb8 18. Nxe6 Qxe6 19. f4) 17... Nxe6 {[%emt 0:00:13] [#]} (17... Qxe6 $11 18. f4 Kb8) 18. Bxg6 $1 $14 fxg6 19. Nxd5 Rxd5 20. Rxd5 Nc7 21. Rd2 Qc6 22. Rgd1 Re8 {[%emt 0:03:41] [#]} 23. Qd3 (23. Rd6 $1 $16 Bxd6 24. exd6) 23... Na8 24. Qc4 (24. a4 $14) 24... Rf8 $1 $11 25. f4 Nb6 {[%emt 0:00:10] Prevents Qd5.} 26. Qf1 (26. Qc2 $11) 26... Qe6 $15 {[%emt 0:02:10][%csl LRa2,LRg4][%mdl 1024] Black has compensation.} 27. b3 {[%emt 0:02:28] Against Nc4} (27. Qb5 $15) 27... Qxg4 (27... Kb8 $17 28. Kb2 c4) 28. a4 $1 $11 {[%emt 0:00:19] And now a5 would win.} Qe6 29. Qb5 {[%emt 0:03:15] [#]} ({Much weaker is} 29. a5 Qxb3 $1 30. axb6 c4 $15) (29. Kb2 $1 $11) 29... Na8 $2 ({Black should try} 29... a6 $1 $17 30. Qd3 Kb8) 30. Rd7 $2 (30. Qd7+ $14 Qxd7 31. Rxd7) 30... Nb6 $17 31. R7d2 Na8 $2 ({Black should play} 31... a6 $17 32. Qd3 Rd8) 32. Rd7 (32. Qd7+ $14 Qxd7 33. Rxd7) 32... Nb6 {[%emt 0:00:19] Weighted Error Value: White=0.23 (precise) /Black=0.28 (precise)} 1/2-1/2